 Dungeon Sprint DCSS version 0.27-a0-1139-g28e009f8a6 (webtiles) character file.

Game seed: 13444458936021178504

32 Zeld the Destroyer (level 3, -12/20 HPs)
             Began as a Deep Elf Conjurer on May 7, 2021.
             Was an Initiate of Sif Muna.
             Killed from afar by a steam dragon (22 damage)
             ... with a ball of steam
             ... in the Dungeon (Sprint V: "Ziggurat Sprint").
             The game lasted 00:01:11 (363 turns).

Zeld the Destroyer (Deep Elf Conjurer)               Turns: 363, Time: 00:01:12

Health: -12/20     AC:  2    Str:  4    XL:     3   Next: 8%
Magic:  13/13      EV: 12    Int: 35    God:    Sif Muna [......]
Gold:   0          SH:  0    Dex: 13    Spells: 12/15 levels left

rFire    . . .     SeeInvis .   q - staff of conjuration
rCold    . . .     Faith    .   (no shield)
rNeg     . . .     Spirit   .   a - +0 robe
rPois    .         Reflect  .   (no helmet)
rElec    .         Harm     .   (no cloak)
rCorr    .         Rampage  .   (no gloves)
Will     .....     NoTele   +   (no boots)
Stlth    ++........             (no amulet)
HPRegen  0.06/turn              v - +6 ring of intelligence
MPRegen  0.13/turn              w - +6 ring of intelligence

@: no status effects
A: no striking features
a: Renounce Religion


You were in the Dungeon.
You worshipped Sif Muna.
Sif Muna was noncommittal.
You visited 1 branch

Inventory:

Armour
 a - a +0 robe (worn)
 b - a +3 tower shield
Magical Staves
 q - a staff of conjuration (weapon)
Jewellery
 v - a +6 ring of intelligence (left hand)
 w - a +6 ring of intelligence (right hand)
Wands
 s - a wand of mindburst (7)
 t - a wand of iceblast (4)
 u - a wand of acid (7)
Scrolls
 h - 3 scrolls of blinking
 i - 4 scrolls of amnesia
 j - 7 scrolls of fog
 k - a scroll of holy word
 l - 5 scrolls of identify
 m - 2 scrolls of fear
Potions
 c - 9 potions of curing
 d - 10 potions of heal wounds
 e - 6 potions of haste
 f - 7 potions of magic
 g - 3 potions of berserk rage
 n - 2 potions of brilliance
 o - 2 potions of invisibility
 p - 4 potions of resistance
 r - 5 potions of might
Miscellaneous
 x - a lightning rod (4/4)


   Skills:
 + Level 0.7 Fighting
 + Level 2.9 Dodging
 - Level 2.4 Stealth
 + Level 6.5 Spellcasting
 * Level 8.3 Conjurations
 * Level 1.8 Invocations


You had 12 spell levels left.
You knew the following spells:

 Your Spells              Type           Power      Damage    Failure   Level
a - Magic Dart            Conj           100%       1d8       1%          1
b - Searing Ray           Conj           100%       3d7       1%          2

Your spell library contained the following spells:

 Spells                   Type           Power      Damage    Failure   Level
 Dazzling Flash           Conj/Hex       100%       N/A       1%          3
 Fulminant Prism          Conj/Hex       28%        3d14      6%          4
 Iskenderun's Mystic Bla  Conj/Tloc      57%        2d12      6%          4


Dungeon Overview and Level Annotations

Branches:
Dungeon (1/1)

Altars:
Ashenzari
Cheibriados
Dithmenos
Elyvilon
Fedhas
Gozag
Hepliaklqana
Kikubaaqudgha
Makhleb
Nemelex Xobeh
Okawaru
Qazlal
Ru
Sif Muna
Trog
Uskayaw
Vehumet
Wu Jian
Xom
Yredelemnul
Zin
The Shining One
Beogh
Jiyva
Lugonu

Annotations:
D 1 transporter


Message History

Press: ? - help, Shift-Dir - straight line, f/p - swamp drake
Aim: a swamp drake (heavily wounded)
The mass of ice explodes!
The iceblast engulfs the swamp drake!
The swamp drake is severely wounded.
The iceblast engulfs the steam dragon!
The steam dragon is severely wounded.
The iceblast engulfs the swamp drake!
The swamp drake is severely wounded.
You are engulfed in noxious fumes.
You choke on the stench!
You are confused.
You feel sick.
Unknown command.
Unknown command.
You are too confused!
You feel better.
You are engulfed in noxious fumes.
You choke on the stench!
You are confused.
You are too confused!
Unknown command.
You are too confused!
You bump into the unnaturally hard rock wall.
You feel less confused. The steam dragon breathes steam at you.
The ball of steam hits you! The swamp drake bites you.
Blink to where?
Press: ? - help, Dir - move target, p - swamp drake
As you read the scroll of blinking, it crumbles to dust.
Aiming: Iceblast
Press: ? - help, Shift-Dir - straight line, f - swamp drake
Aim: a swamp drake (severely wounded)
The mass of ice explodes!
The iceblast engulfs the swamp drake!
The swamp drake is almost dead.
The iceblast engulfs the steam dragon!
The steam dragon is almost dead.
The iceblast engulfs the swamp drake.
The swamp drake is almost dead.
The steam dragon breathes steam at you. The ball of steam hits you!!
Ouch! That really hurt!
You die...

▓▓▓▓▓▓▓▓▓▓▓▓▓
▓.8©8.▓.8©8.▓
▓.@::.▓.....▓
▓.§...▓.)...▓
▓.§...▓.....▓
▓.Dkk.▓.....▓
▓.....▓..©..▓
▓..§..▓▓▓▓▓▓▓
▓▓▓▓▓▓▓


You could see 2 swamp drakes.

Vanquished Creatures
  2 mummies (D)
2 creatures vanquished.

Notes
Turn   | Place    | Note
-------+----------+-------------------------------------------
     0 | D        | Zeld the Deep Elf Conjurer began the quest for the Orb.
     0 | D        | Reached XP level 1. HP: 10/10 MP: 6/6
     2 | D        | Found a blossoming altar of Fedhas.
     3 | D        | Found the +6 Majin-Bo {vamp, MP+6 Int+6}
     3 | D        | Found the +9 heavy crossbow "Sniper" {vorpal, Acc+∞ SInv}
     3 | D        | Found the +10 dark maul {vorpal}
     3 | D        | Found the +15 Maxwell's patent armour {-Cast -Tele rElec
                  | Will+ rCorr}
     3 | D        | Found the +18 shield of the Gong {rElec rN+ Will+ EV-5}
     3 | D        | Found the +14 obsidian axe {vorpal, Drain Fly SInv}
     3 | D        | Found the +7 great mace "Firestarter" {inner flame, rF++}
     3 | D        | Found the +6 shillelagh "Devastator" {shatter}
     3 | D        | Found the +11 plutonium sword {Contam Stlth-}
     3 | D        | Found the +8 lance "Wyrmbane" {slay drac, rPois rF+ rC+
                  | AC+3}
     3 | D        | Found the +9 sword of Zonguldrok {reap}
     3 | D        | Found the +13 scythe of Curses {drain, Drain}
     3 | D        | Found the +5 sword of Power {vorpal}
     3 | D        | Found the +7 mace of Variability {chain chaos}
     3 | D        | Found the +7 Singing Sword {vorpal, sonic wave}
     3 | D        | Found the +8 storm bow {elec, penet}
     4 | D        | Found a viscous altar of Jiyva.
     4 | D        | Found a hazy altar of Hepliaklqana.
     4 | D        | Found a transporter.
     4 | D        | Found an opulent altar of Gozag.
     4 | D        | Found an ancient bone altar of Kikubaaqudgha.
     4 | D        | Found a corrupted altar of Lugonu.
    14 | D        | Found a burning altar of Makhleb.
    15 | D        | Found a sacrificial altar of Ru.
    15 | D        | Found a shimmering blue altar of Sif Muna.
    15 | D        | Found a stormy altar of Qazlal.
    15 | D        | Found a bloodstained altar of Trog.
    15 | D        | Found an iron altar of Okawaru.
    15 | D        | Found a sparkling altar of Nemelex Xobeh.
    41 | D        | Became a worshipper of Sif Muna the Loreminder
    42 | D        | Reached skill level 8 in Conjurations
    42 | D        | Reached XP level 2. HP: 15/15 MP: 7/11
    46 | D        | Learned a level 2 spell: Searing Ray
   132 | D        | Entered arena 2.
   132 | D        | Found a transporter.
   135 | D        | Reached skill level 1 in Invocations
   136 | D        | Reached XP level 3. HP: 20/20 MP: 7/13
   356 | D        | Entered arena 3.
   356 | D        | Noticed a steam dragon
   356 | D        | Noticed a swamp drake
   356 | D        | Noticed a swamp drake
   356 | D        | Found a transporter.
   363 | D        | Killed from afar by a steam dragon

Illustrated notes

Levels and vault maps discovered:
D:        sprint_v [room_start, room_1, room_2, room_3, room_4, room_5, room_6,
          room_7, room_8, room_9, room_10, room_11, room_12, room_13, room_14,
          room_15, room_16, room_17, room_18, room_19, room_20, room_21,
          room_22, room_23, room_24, room_25, room_26, room_27]

Skill      XL: |  1  2 |
---------------+-------+-----
Spellcasting   | 6 |  6.5
Conjurations   | 8 |  8.3
Invocations    | 1 |  1.8
Fighting       | |  0.7
Dodging        | |  2.9
Stealth        | |  2.4

Action                   || total
-------------------------++-------
 Cast: Searing Ray       ||     2
Evoke: Wand              ||     3
  Use: Potion            ||     2
       Scroll            ||     1

Table legend: (Time is in decaauts)
 A = Elapsed time spent in this place.
 B = Non-inter-level travel time spent in this place.
 C = Inter-level travel time spent in this place.
 D = Time resting spent in this place.
 E = Time spent auto-exploring this place.
 F = Levels seen in this place.
 G = Mean time per level.
                   A        B        C        D        E       F      G
               +--------+--------+--------+--------+--------+-----+--------+
         Total |    361 |    361 |      0 |    277 |     19 |   1 |  361.0 |
       Dungeon |    361 |    361 |      0 |    277 |     19 |   1 |  361.0 |
               +--------+--------+--------+--------+--------+-----+--------+

Top non-repeatable levels by time:
       D: 361 daAuts
